 Dungeon Crawl Stone Soup version 0.28.0-43-g3370ac3207 (webtiles) character file.

Game seed: 93742678454524730

34898 Peloso the Warrior (level 13, -2/132 HPs)
             Began as a Minotaur Fighter on Mar 5, 2022.
             Was a High Priest of Okawaru.
             Slain by an orc knight
             ... wielding a +2 broad axe of freezing
              (27 damage)
             ... on level 2 of the Orcish Mines.
             The game lasted 00:40:09 (24938 turns).

Peloso the Warrior (Minotaur Fighter)              Turns: 24938, Time: 00:40:10

Health: -2/132     AC: 19    Str: 27    XL:     13   Next: 44%
Magic:  12/14      EV: 14    Int:  5    God:    Okawaru [*****.]
Gold:   1311       SH:  8    Dex: 16    Spells: 12/12 levels left

rFire   + . .      SeeInvis .   a - +7 double sword "Utzed" {flame, *Corrode Str+3 Dex+4}
rCold   x . .      Faith    .   c - +0 buckler
rNeg    . . .      Spirit   .   F - +0 chain mail {Will+}
rPois   .          Reflect  .   (helmet restricted)
rElec   .          Harm     .   D - +2 cloak
rCorr   .          Rampage  .   (no gloves)
Will    ++...                   (no boots)
Stlth   +.........              (no amulet)
HPRegen 0.32/turn               G - ring of fire
MPRegen 0.14/turn               Q - ring of willpower

@: about to teleport, heroic
A: horns 2, retaliatory headbutt
a: Renounce Religion, Heroism, Finesse, Duel


You were on level 2 of the Orcish Mines.
You worshipped Okawaru.
Okawaru was extremely pleased with you.
You visited 4 branches of the dungeon, and saw 18 of its levels.
You also visited: Trove.

You collected 1468 gold pieces.
You spent 157 gold pieces at shops.

Inventory:

Hand Weapons
 a - the +7 double sword "Utzed" (weapon) {flame, *Corrode Str+3 Dex+4}
   (You found it in a treasure trove)

   It burns those it strikes, dealing additional fire damage.
   Big, fiery blades are also staple armaments of hydra-hunters.
   Str:       It affects your strength (+3).
   Dex:       It affects your dexterity (+4).
   *Corrode:  It may corrode you when you take damage.
 b - a +3 double sword of venom
 u - a +0 hand crossbow
 M - a +2 double sword of protection
Armour
 c - a +0 buckler (worn)
 j - a +0 plate armour
 D - a +2 cloak (worn)
 E - +0 acid dragon scales
 F - a +0 chain mail of willpower (worn)
Jewellery
 G - a ring of fire (left hand)
 P - a ring of flight
 Q - a ring of willpower (right hand)
Wands
 h - a wand of digging (7)
 s - a wand of paralysis (1)
 N - a wand of flame (6)
Scrolls
 e - 4 scrolls of noise
 f - 7 scrolls of immolation
 g - 3 scrolls of teleportation
 l - a scroll of fog
 m - 2 scrolls of vulnerability {unknown}
 n - 2 scrolls of silence {unknown}
 p - a scroll of enchant weapon
 q - 2 scrolls of magic mapping {unknown}
 r - a scroll of holy word
 v - 2 scrolls of fear
 w - 2 scrolls of amnesia {unknown}
 y - a scroll of acquirement
 A - a scroll of blinking
 I - 2 scrolls of enchant armour {unknown}
 O - a scroll of summoning
Potions
 d - 4 potions of might
 i - 6 potions of curing
 k - 2 potions of haste
 o - 2 potions of invisibility {unknown}
 t - 3 potions of flight {unknown}
 x - 7 potions of ambrosia
 z - a potion of cancellation
 C - 2 potions of resistance {unknown}
 H - a potion of brilliance {unknown}
 L - a potion of attraction {unknown}
Miscellaneous
 J - a tin of tremorstones (2/2)


   Skills:
 + Level 17.2(22.2) Fighting
 + Level 16.1(21.1) Long Blades
 + Level 15.1(20.1) Armour
 + Level 4.4(9.4) Dodging
 + Level 2.9(7.9) Stealth
 + Level 9.7(14.7) Shields
 + Level 2.7 Invocations
 + Level 1.6 Evocations


You had 12 spell levels left.
You didn't know any spells.
Your spell library contained the following spells:

 Spells                   Type           Power      Damage    Failure   Level
 Apportation              Tloc           0%         N/A       87%         1
 Magic Dart               Conj           0%         1d3       87%         1
 Pain                     Necr           0%         1d4       87%         1
 Shock                    Conj/Air       0%         1d3       87%         1
 Slow                     Hex            0%         N/A       87%         1
 Corpse Rot               Necr/Air       0%         N/A       95%         2
 Searing Ray              Conj           0%         2d4       95%         2
 Confusing Touch          Hex            0%         N/A       99%         3
 Swiftness                Air            0%         N/A       99%         3
 Vampiric Draining        Necr           0%         2d6       99%         3
 Airstrike                Air            0%         N/A       100%        4
 Dispel Undead            Necr           0%         3d6       100%        4
 Fulminant Prism          Conj/Hex       0%         3d6       100%        4
 Agony                    Necr           0%         N/A       100%        5
 Alistair's Intoxication  Tmut/Pois      0%         N/A       100%        5
 Excruciating Wounds      Necr           0%         N/A       100%        5
 Storm Form               Tmut/Air       0%         N/A       100%        7
 Maxwell's Capacitive Co  Air            0%         ∞         100%        8
 Summon Small Mammal      Summ           Unusable   N/A       N/A         1
 Call Canine Familiar     Summ           Unusable   N/A       N/A         3
 Summon Guardian Golem    Hex/Summ       Unusable   N/A       N/A         3
 Summon Lightning Spire   Summ/Air       Unusable   N/A       N/A         4
 Death Channel            Necr           Unusable   N/A       N/A         6

Dungeon Overview and Level Annotations

Branches:
Dungeon (12/15)            Temple (1/1) D:4            Lair (3/6) D:8
  Swamp (0/4) Lair:3       Spider (0/4) Lair:2          Orc (2/2) D:12
    Elf (0/3) Orc:2

Altars:
Ashenzari
Cheibriados
Dithmenos
Fedhas
Gozag
Hepliaklqana
Kikubaaqudgha
Makhleb
Nemelex Xobeh
Okawaru
Qazlal
Ru
Sif Muna
Trog
Uskayaw
Vehumet
Wu Jian
Xom
Yredelemnul
The Shining One

Shops:
Orc:2 *?

Annotations:
D:4 2 transporters, Aksej's ghost, amateur DsMo


Innate Abilities, Weirdness & Mutations

You have a pair of horns on your head.
You reflexively headbutt those who attack you in melee.


Message History

Unknown command.
You hit the orc warrior. You burn the orc warrior.
The orc warrior is moderately wounded.
The orc warrior misses you.
Unknown command.
You slice the orc warrior!! You burn the orc warrior.
You kill the orc warrior!
Okawaru accepts your kill.
Unknown command.
You hit the orc warrior but do no damage.
You headbutt the orc warrior!
The orc warrior is heavily wounded.
The orc warrior misses you.
Unknown command.
You hit the orc warrior. You burn the orc warrior.
The orc warrior is severely wounded.
The orc warrior hits you with a +0 war axe.
Unknown command.
You closely miss the orc warrior.
The orc warrior is severely wounded.
The orc warrior hits you with a +0 war axe!
Unknown command.
You slice the orc warrior!! You burn the orc warrior.
You kill the orc warrior!
Okawaru accepts your kill.
Unknown command.
You slice the orc priest!! You burn the orc priest.
You kill the orc priest!
Okawaru accepts your kill.
Unknown command.
As you read the scroll of teleportation, it crumbles to dust.
You feel strangely unstable.
The orc knight hits you with a +2 broad axe of freezing!
* * * LOW HITPOINT WARNING * * *
The orc knight freezes you.
* * * LOW HITPOINT WARNING * * *
Unknown command.
You feel more confident with your borrowed prowess.
The orc knight hits you with a +2 broad axe of freezing!!
You die...

...#...# #..o. ....#.##
#...# ......### #...#
#....<..# #§..#
#.....### ##.oo# ....#.#
##)#o# ...##.##
####.oo## #. ...#...#
##.###o#.## #.#
...##.####...###@..##
#...
.......##.....###...##
##...#
......#.#..##..###...##
##...##
...........###..###...##
##...### ........#.##
##..###...###...###)
##.....####
##..##....#...)##))
#.....##
##.)#.#.)...#.#..#
......#
##).)......).).##
.^...## ##...#.#.#..)##


You could see an orc knight (strong) and an orc warrior (strong).

Vanquished Creatures
  Nessos (D:12)
  Harold (D:9)
  5 hydras
  A boulder beetle (D:11)
  3 two-headed ogres
  2 orc high priests (Orc:2)
  Urug (Lair:3)
  A sun demon (Orc:2)
  An orc knight (Orc:2)
  A lindwurm (Lair:2)
  A black mamba (Lair:3)
  Maurice (Orc:1)
  An orange demon (Orc:2)
  Maggie (D:9)
  6 cane toads
  A torpor snail (Lair:2)
  Psyche (D:9)
  A gargoyle (D:12)
  A kobold demonologist (D:10)
  2 rime drakes
  4 komodo dragons
  A hellwing (Orc:2)
  A queen bee (D:12)
  4 trolls
  4 meliai
  2 tyrant leeches (Lair:3)
  A hornet (D:9)
  Prince Ribbit (D:7)
  5 blink frogs (Lair:3)
  2 dream sheep (Lair:2)
  2 vampires
  A wraith (D:12)
  4 wyverns
  11 yaks
  2 vampire mosquitoes (D:12)
  7 swamp worms (Lair:3)
  3 wargs (Orc:1)
  4 acid dragons
  9 water moccasins
  Duvessa (D:7)
  17 orc warriors
  A swamp drake (D:12)
  A sky beast (D:7)
  2 ice beasts
  A necrophage (D:5)
  5 ogres
  18 wolves
  8 centaurs
  A phantom (D:5)
  2 kobold brigands
  7 bullfrogs
  2 wyvern zombies
  A scorpion (D:3)
  Dowan (D:7)
  44 killer bees
  6 wights
  2 howler monkeys
  An electric eel (Lair:3)
  A bullfrog zombie (D:7)
  4 centaur zombies
  A centaur skeleton (D:7)
  25 orc priests
  2 jellies (D:5)
  4 iguanas
  12 orc wizards
  Terence (D:3)
  2 killer bee zombies
  A hound skeleton (D:5)
  2 howler monkey skeletons
  A howler monkey zombie (D:6)
  8 gnolls
  11 adders
  2 ufetubi (D:6)
  An adder skeleton (D:5)
  3 worms
  2 dart slugs
  67 orcs
  12 endoplasms
  5 giant cockroaches
  6 goblins
  7 hobgoblins
  4 jackals
  20 kobolds
  3 quokkas
  4 ball pythons
  2 bats
  3 frilled lizards
  9 rats
447 creatures vanquished.

Vanquished Creatures (others)
  38 fungi
  49 plants
87 creatures vanquished.

Grand Total: 534 creatures vanquished

Notes
Turn   | Place    | Note
-------+----------+-------------------------------------------
     0 | D:1      | Peloso the Minotaur Fighter began the quest for the Orb.
     0 | D:1      | Reached XP level 1. HP: 19/19 MP: 0/0
   259 | D:1      | Reached XP level 2. HP: 26/27 MP: 1/1
   716 | D:1      | Reached skill level 4 in Fighting
   716 | D:1      | Reached XP level 3. HP: 27/33 MP: 2/2
  1222 | D:2      | Reached XP level 4. HP: 25/40 MP: 3/3
  2039 | D:3      | Reached XP level 5. HP: 46/47 MP: 4/4
  2060 | D:3      | Noticed Terence
  2064 | D:3      | Killed Terence
  2106 | D:3      | Reached skill level 5 in Long Blades
  2289 | D:3      | Found a faded altar of an unknown god.
  2531 | D:4      | Reached skill level 5 in Fighting
  2550 | D:3      | Reached XP level 6. HP: 9/57 MP: 5/5
  2829 | D:4      | Found a transporter.
  2829 | D:4      | Noticed Aksej's ghost (amateur DsMo)
  2900 | D:4      | Found a staircase to the Ecumenical Temple.
  3278 | D:4      | Found a transporter.
  3317 | D:4      | Reached skill level 6 in Fighting
  3595 | D:4      | Reached skill level 1 in Dodging
  3601 | D:4      | Reached XP level 7. HP: 43/63 MP: 6/6
  3829 | D:5      | Entered Level 5 of the Dungeon
  3836 | D:5      | Reached skill level 5 in Armour
  4709 | D:5      | Reached skill level 7 in Fighting
  4874 | D:5      | Reached XP level 8. HP: 74/74 MP: 7/7
  5258 | D:6      | Noticed a two-headed ogre
  5402 | D:6      | Killed a two-headed ogre
  5403 | D:6      | Reached skill level 8 in Fighting
  5403 | D:6      | Reached skill level 5 in Shields
  6031 | D:6      | Reached XP level 9. HP: 79/82 MP: 8/8
  6062 | D:6      | Reached skill level 9 in Fighting
  6375 | D:7      | Noticed Duvessa
  6376 | D:7      | Noticed Dowan
  6379 | D:7      | Killed Duvessa
  6404 | D:7      | Killed Dowan
  6671 | D:7      | Reached skill level 10 in Long Blades
  7555 | D:7      | Noticed Prince Ribbit
  7573 | D:7      | Killed Prince Ribbit
  7574 | D:7      | Reached skill level 10 in Fighting
  7977 | D:8      | Found a staircase to the Lair.
  7978 | D:8      | Noticed a komodo dragon
  8005 | D:8      | Killed a komodo dragon
  8006 | D:8      | Reached skill level 1 in Evocations
  8185 | D:8      | Found a sacrificial altar of Ru.
  8648 | Temple   | Entered the Ecumenical Temple
  9051 | Temple   | Became a worshipper of Warmaster Okawaru
  9283 | D:8      | Reached XP level 10. HP: 41/94 MP: 9/9
 10511 | D:9      | Noticed Psyche
 10523 | D:9      | Killed Psyche
 10523 | D:9      | Reached * piety under Okawaru
 10524 | D:9      | Reached skill level 11 in Fighting
 10524 | D:9      | Reached skill level 10 in Armour
 11100 | D:9      | Reached ** piety under Okawaru
 11358 | D:9      | Noticed Maggie
 11375 | D:9      | Killed Maggie
 11656 | D:9      | Noticed a two-headed ogre
 11665 | D:9      | Killed a two-headed ogre
 12055 | D:9      | Noticed Harold
 12071 | D:9      | Killed Harold
 12072 | D:9      | Reached skill level 12 in Fighting
 12072 | D:9      | Reached skill level 1 in Invocations
 12072 | D:9      | Reached XP level 11. HP: 40/104 MP: 8/10
 12086 | D:9      | Identified a scroll of acquirement
 12746 | D:10     | Entered Level 10 of the Dungeon
 12816 | D:10     | Noticed a two-headed ogre
 12837 | D:10     | Killed a two-headed ogre
 12876 | D:10     | Reached *** piety under Okawaru
 14184 | D:10     | Reached skill level 13 in Fighting
 14256 | D:10     | Reached **** piety under Okawaru
 14380 | D:11     | Noticed a boulder beetle
 14461 | Lair:1   | Entered Level 1 of the Lair of Beasts
 15236 | Lair:2   | Found a hole to the Spider Nest.
 15546 | Lair:2   | Reached skill level 1 in Stealth
 15627 | Lair:2   | Noticed a lindwurm
 15640 | Lair:2   | Killed a lindwurm
 15641 | Lair:2   | Reached skill level 14 in Fighting
 16176 | Lair:2   | Reached ***** piety under Okawaru
 16444 | Lair:2   | Reached XP level 12. HP: 117/117 MP: 12/12
 17199 | Lair:3   | Noticed a six-headed hydra
 17224 | Lair:3   | Noticed a six-headed hydra
 17434 | Lair:3   | Found a staircase to the Swamp.
 17738 | Lair:3   | Noticed Urug
 17873 | D:11     | Killed a boulder beetle
 18786 | D:11     | Reached skill level 15 in Fighting
 19152 | D:12     | HP: 4/119 [meliai/divine providence (14)]
 19523 | D:12     | Found a broken altar of Ashenzari.
 19590 | D:12     | Found a portal to a secret trove of treasure.
 19687 | Trove    | Entered a treasure trove
 19691 | Trove    | Identified the +7 shortbow "Dimec Fiergh" {flame, rPois rC+
                  | Int-5 Dex+3}
 19698 | Trove    | Identified the +7 double sword "Utzed" {flame, *Corrode
                  | Str+3 Dex+4}
 19890 | D:12     | Found a staircase to the Orcish Mines.
 19911 | D:12     | Noticed a six-headed hydra
 19922 | D:12     | Killed a four-headed hydra
 20230 | D:12     | Noticed Nessos
 20256 | D:12     | Killed Nessos
 21543 | Lair:2   | Reached skill level 16 in Fighting
 21836 | Lair:3   | Killed Urug
 21975 | Lair:3   | Noticed a seven-headed hydra
 21976 | Lair:3   | Reached skill level 15 in Long Blades
 21987 | Lair:3   | Killed a four-headed hydra
 22018 | Lair:3   | Noticed a four-headed hydra
 22040 | Lair:3   | HP: 6/124 [five-headed hydra (4)]
 22044 | Lair:3   | Killed a two-headed hydra
 22065 | Lair:3   | Killed a one-headed hydra
 22367 | Lair:3   | Reached XP level 13. HP: 92/130 MP: 13/13
 23578 | Orc:1    | Entered Level 1 of the Orcish Mines
 23578 | Orc:1    | Noticed Maurice
 23586 | Orc:1    | Killed Maurice
 23883 | Orc:2    | Entered Level 2 of the Orcish Mines
 24178 | Orc:2    | Found a staircase to the Elven Halls.
 24354 | Orc:2    | Found Vuwi's Magic Scroll Emporium.
 24367 | Orc:2    | Reached skill level 17 in Fighting
 24599 | Orc:2    | Found Naeg Jys's General Store.
 24652 | Orc:2    | Bought a scroll of identify for 26 gold pieces
 24652 | Orc:2    | Bought a scroll of identify for 26 gold pieces
 24693 | Orc:2    | Reached skill level 15 in Armour
 24793 | Orc:2    | Bought a scroll of blinking for 105 gold pieces
 24938 | Orc:2    | Slain by an orc knight

Illustrated notes

Levels and vault maps discovered:
D:1:      erik_arrival_orb_chamber, layout_basic
D:2:      layout_loops_ring, minmay_quantized
D:3:      layout_rooms, ebering_ecumenical_altar_sacrificial,
          grunt_decor_mini_mirrors, uniq_terence
D:4:      layout_loops_ring, temple_statues, gammafunk_ghost_mausoleum
D:5:      layout_cave_pools
D:6:      layout_rooms, patterned_corridor
D:7:      layout_loops_corners, uniq_prince_ribbit1, uniq_duvessa
D:8:      layout_basic, mainiacjoe_overflow_tiny_flanked, david_lair_shrubbed
D:9:      layout_basic, chequers_arboretum, uniq_psyche, uniq_harold,
          uniq_maggie
D:10:     layout_loops_ring
D:11:     layout_stronghold, nicolae_fountain_basement
D:12:     layout_roguey [special_room_bee], erik_orc_1,
          nicolae_trove_entry_diagonal, nicolae_ashenzari_skybound, uniq_nessos
Temple:   mainiacjoe_temple_starburst
Lair:1:   layout_cave_shapes
Lair:2:   layout_misc_corridors, hellmonk_spider_entry_not_the_bees,
          serial_bayou_pond_c, nicolae_lair_lindhole
Lair:3:   layout_roguey, minmay_swamp_entry_worms, worms_lemuel,
          infiniplex_staircase_pool, grunt_megastairs_3, uniq_urug
Orc:1:    layout_caves, minmay_orc_temple_a, uniq_erolcha, uniq_maurice
Orc:2:    pf_orc_diabolical, layout_diamond_mine

Skill      XL: |  1  2  3  4  5  6  7  8  9 10 11 12 13 |
---------------+----------------------------------------+-----
Armour         | 4 6 7 9 11 13 14 15 | 15.1
Shields        | 4 5 6 8 9 |  9.7
Fighting       | 4 5 6 7 8 10 12 14 16 17 | 17.2
Long Blades    | 3 4 5 6 7 9 11 12 14 15 16 | 16.1
Dodging        | 1 2 3 4 |  4.4
Evocations     | 1 |  1.6
Invocations    | 1 2 |  2.7
Stealth        | 1 2 |  2.9

Action                   |  1- 3 |  4- 6 |  7- 9 | 10-12 | 13-15 || total
-------------------------+-------+-------+-------+-------+-------++-------
Melee: Long sword        |    64 |   168 |   300 |   561 |       ||  1093
       Headbutt          |     5 |    35 |    45 |   149 |    31 ||   265
       Double sword      |       |       |       |   159 |   169 ||   328
Invok: Heroism           |       |       |       |    25 |     2 ||    27
Evoke: Wand              |       |       |    10 |     3 |     1 ||    14
  Use: Potion            |       |       |     2 |     4 |       ||     6
       Scroll            |       |       |       |    12 |     8 ||    20
 Stab: Paralysed         |       |       |       |     6 |       ||     6
Armor: Scale mail        |    26 |    39 |       |       |       ||    65
       Chain mail        |       |    37 |   112 |    80 |    54 ||   283
       Plate armour      |       |       |    13 |   304 |       ||   317
Dodge: Dodged            |    37 |    52 |    91 |   277 |    52 ||   509
Block: Buckler           |    15 |    44 |    68 |   229 |    45 ||   401
